 Dungeon Crawl Stone Soup version 0.29.1-12-g30fa7ad0bf (webtiles) character file.

Game seed: 10652655848506188960

422 hawla the Chiller (level 7, -2/66 (75) HPs)
             Began as a Meteoran Ice Elementalist on Jan 14, 2023.
             Was an Initiate of Vehumet.
             Slain by a wight
             ... wielding a +0 dagger
              (6 damage)
             ... on level 7 of the Dungeon.
             The game lasted 00:06:59 (958 turns).

hawla the Chiller (Meteoran Ice Elementalist)        Turns: 958, Time: 00:07:00

HP:   -2/66 (75)    AC: 11    Str: 10    XL:     7   Next: 40%
MP:   11/13         EV: 13    Int: 23    God:    Vehumet [......]
Gold: 18            SH:  0    Dex: 20    Spells: 4/12 levels left

rFire   . . .      SeeInvis .   q - +5 war axe of the Pits of Slime {protect, Int+4}
rCold   + . .      Faith    .   (no shield)
rNeg    . . .      Spirit   .   a - +1 robe
rPois   .          Reflect  .   (no helmet)
rElec   .          Harm     .   (no cloak)
rCorr   .          Rampage  .   h - +0 pair of gloves
Will    .....                   (no boots)
Stlth   ..........              (no amulet)
HPRegen 0.21/turn               d - +6 ring of dexterity
MPRegen 0.13/turn               g - ring of protection from cold

@: berserking, under a protective aura, glowing, heavily drained, very quick
A: sense surroundings 1, otherworldly, glowing, explore regen
a: Renounce Religion


You were on level 7 of the Dungeon.
You worshipped Vehumet.
Vehumet was noncommittal.
You visited 2 branches of the dungeon, and saw 7 of its levels.

You collected 18 gold pieces.

Inventory:

Hand Weapons
 q - the +5 war axe of the Pits of Slime (weapon) {protect, Int+4}
   (You found it on level 2 of the Dungeon)

   It grants its wielder temporary protection when it strikes (+7 to AC).
   Int:       It affects your intelligence (+4).
Armour
 a - a +1 robe (worn)
 h - a +0 pair of gloves (worn)
Jewellery
 d - a +6 ring of dexterity (left hand)
 g - a ring of protection from cold (right hand)
Wands
 b - a wand of digging (6)
Potions
 e - 2 potions of curing
 k - a potion of flight {unknown}
 n - 2 potions of mutation {unknown}
 o - 2 potions of attraction {unknown}


   Skills:
 - Level 0.1 Fighting
 + Level 4.2 Axes
 - Level 2.7 Dodging
 - Level 1.4 Stealth
 - Level 3.4 Spellcasting
 + Level 3.9 Conjurations
 - Level 5.5 Ice Magic
 - Level 3.0 Evocations


You had 4 spell levels left.
You knew the following spells:

 Your Spells              Type           Power      Damage    Failure   Level
a - Freeze                Ice            100%       1d11      1%          1
b - Frozen Ramparts       Ice            58%        1d9       3%          3
c - Hailstorm             Conj/Ice       25%        3d7       16%         4

Your spell library contained the following spells:

 Spells                   Type           Power      Damage    Failure   Level
 Ozocubu's Armour         Ice            29%        N/A       3%          3
 Confusing Touch          Hex            3%         N/A       32%         3
 Yara's Violent Unravell  Hex/Tmut       1%         3d3       97%         5
 Enfeeble                 Hex            1%         N/A       100%        7


Dungeon Overview and Level Annotations

Branches:
Dungeon (7/15) Zot: 2698   Temple (1/1) D:5 Zot: 530

Altars:
Cheibriados
Fedhas
Gozag
Hepliaklqana
Kikubaaqudgha
Okawaru
Qazlal
Ru
Trog
Vehumet
Zin
The Shining One

Annotations:
D:7 2 transporters, Anandil's ghost, novice DrTm


Innate Abilities, Weirdness & Mutations

You passively map a small area around you.
You are easily found by Zot.
You glow in the dark.
You regain HP and MP as you explore.


Message History

The white imp gestures at you.
The puff of frost hits you but does no damage.
The wight hits you with a +0 short sword.
You feel drained.
A red film seems to cover your vision as you go berserk!
You feel yourself moving faster!
You feel mighty! The wight hits you but does no damage.
The white imp hits you but does no damage.
The wight barely misses you. x2; The wight hits you with a +0 dagger.
You feel drained.
You closely miss the white imp.
The white imp is heavily wounded.
You slash the wight! x2
You destroy the wight!
Vehumet accepts your kill.
You slash the wight! The wight hits you with a +0 dagger.
The white imp barely misses you.
The wight hits you from afar with a +3 trident.
The wight hits you with a +2 hand axe of freezing!
* * * LOW HITPOINT WARNING * * *
You feel drained.
* * * LOW HITPOINT WARNING * * *
The wight freezes you.
* * * LOW HITPOINT WARNING * * *
Your Axes skill increases to level 4!
You barely miss the white imp.
The white imp is heavily wounded.
You hit the wight but do no damage. You hit the wight. The wight misses you.
The white imp hits you.
* * * LOW HITPOINT WARNING * * *
The white imp freezes you. You resist.
* * * LOW HITPOINT WARNING * * *
The wight hits you from afar with a +3 trident.
* * * LOW HITPOINT WARNING * * *
You feel drained. The wight hits you but does no damage.
You closely miss the white imp.
The white imp is heavily wounded.
You barely miss the wight. You hit the wight.
The wight hits you with a +0 dagger.
You die...

.......#..##..* , , , *
#..##).#.#..#.#......
#..##..#O...O.#..... ,
....†))########....# *
...)......# #....# .
..........## #....###.. *
...#####...####.z.#.....
....#*##.......z5z.....#,
, .....##...####..@)...#
* , , #........##
#...#..## .........##
##..## .#
......##..###...# ,.#
##.... ##..##..## # ,
#...# #..#...# , ##.#
##....## , , #.*
#......... * * ##........
,


You could see 3 wights and a white imp.

Vanquished Creatures
  A sky beast (D:6)
  A black bear (D:7)
  A wight (D:7)
  An orc priest (D:6)
  An orc wizard (D:6)
  3 adders (D:2)
  8 gnolls
  2 dart slugs
  3 orcs (D:6)
  An endoplasm (D:1)
  3 giant cockroaches
  A goblin (D:2)
  3 kobolds
  A quokka (D:1)
  3 ball pythons
  7 bats
  A frilled lizard (D:1)
  2 rats
43 creatures vanquished.

Notes
Turn   | Place    | Note
-------+----------+-------------------------------------------
     0 | D:1      | hawla the Meteoran Ice Elementalist began the quest for the
                  | Orb.
     0 | D:1      | Reached XP level 1. HP: 14/14 MP: 5/5
   139 | D:1      | Reached XP level 2. HP: 19/20 MP: 3/6
   218 | D:1      | Reached skill level 5 in Ice Magic
   289 | D:2      | Reached XP level 3. HP: 26/26 MP: 4/8
   298 | D:1      | Reached XP level 4. HP: 17/33 MP: 6/9
   343 | D:1      | Learned a level 3 spell: Frozen Ramparts
   348 | D:1      | Learned a level 4 spell: Hailstorm
   352 | D:2      | Reached skill level 1 in Conjurations
   386 | D:2      | Reached XP level 5. HP: 38/38 MP: 8/11
   455 | D:2      | Identified the +5 war axe of the Pits of Slime {protect,
                  | Int+4}
   622 | D:2      | Found a snail-covered altar of Cheibriados.
   663 | D:3      | Found a blossoming altar of Fedhas.
   674 | D:3      | You fall into a shaft and drop 2 floors!
   674 | D:5      | Entered Level 5 of the Dungeon
   706 | D:5      | Found a staircase to the Ecumenical Temple.
   712 | Temple   | Entered the Ecumenical Temple
   748 | Temple   | Became a worshipper of Vehumet
   817 | D:5      | Found a hazy altar of Hepliaklqana.
   821 | D:5      | Found a stormy altar of Qazlal.
   827 | D:6      | Noticed a sky beast
   833 | D:6      | Killed a sky beast
   834 | D:6      | Reached XP level 6. HP: 31/45 MP: 6/12
   835 | D:6      | Noticed a black bear
   857 | D:7      | Noticed an ogre
   858 | D:7      | Found a transporter.
   858 | D:7      | Noticed Anandil's ghost (novice DrTm)
   858 | D:7      | Noticed an ogre
   862 | D:7      | Killed a black bear
   863 | D:7      | Reached XP level 7. HP: 17/50 MP: 4/13
   918 | D:7      | Found a transporter.
   958 | D:7      | Slain by a wight

Illustrated notes

Levels and vault maps discovered:
D:1:      sevenhm_arrival_forest_fort_large_4, layout_rooms,
          serial_corexii_hall, chequers_hall_statues_corner_a,
          chequers_hall_statues_corner_a, kennysheep_nondescript
D:2:      layout_basic, dilly_ecumenical_altar_fadedgnrine, basic_altar,
          bh_walls_and_bars
D:3:      layout_loops_ring, mainiacjoe_overflow_alcove_4, lemuel_tele_altar,
          fedhas_altar_3, gup_sewer_entry_glass, gammafunk_ghost_mausoleum,
          fountainhead, st_stairs_13, uniq_crazy_yiuf_cottage
D:5:      layout_cave_pools, chequers_temple_overflow_statue_of_worship,
          minmay_temple_entry_fiery
D:6:      layout_basic, tgw_sif, nicolae_dithmenos_the_darkroom,
          grunt_decor_cap, uniq_grinder
D:7:      layout_layer_cave, kennysheep_little_box,
          ashenzari_conservatory_becter, gammafunk_ghost_smash, uniq_joseph,
          uniq_duvessa
Temple:   cyrus_temple_forest

Skill      XL: |  1  2  3  4  5  6  7 |
---------------+----------------------+-----
Ice Magic      | 5 |  5.5
Spellcasting   | 3 |  3.4
Conjurations   | 1 3 |  3.9
Axes           | 2 3 4 |  4.2
Evocations     | 2 3 |  3.0
Fighting       | |  0.1
Dodging        | |  2.7
Stealth        | |  1.4

Action                   |  1- 3 |  4- 6 |  7- 9 || total
-------------------------+-------+-------+-------++-------
Melee: Unarmed           |     3 |       |       ||     3
       War axe           |       |     2 |    10 ||    12
 Cast: Freeze            |    29 |    18 |       ||    47
       Frozen Ramparts   |       |     9 |       ||     9
       Hailstorm         |       |       |     1 ||     1
  Use: Potion            |     1 |       |     3 ||     4
       Scroll            |       |     6 |     1 ||     7
Armor: Robe              |    13 |    19 |    11 ||    43
Dodge: Dodged            |    17 |    35 |    16 ||    68
